Workbook
Name PRINT_AREA_MI: #REF!
Name PRINT_AREA_MI: #REF!

Sheet 退職給付アンケート(WEB用）
B1: 「民間企業における退職給付制度に関する調査」回答様式
B2: ※■は必須回答、■は回答不要となります。
B3: ■ご連絡先
B4: (ご回答いただいた内容を確認させていただく場合がありますので、ご担当者様の連絡先をご記入ください。)
B5: 企業名
B6: 所在地
B7: ご担当者様氏名
B8: ご担当者様所属部署
B9: 電話番号
B10: E-Mail
B12: ■はじめに、貴社の概要についてお伺いします。
B13: Q1.貴社の事業内容(業種)は次のうちどれに該当しますか。
B14: (事業が複数ある場合は、過去1年間で売上が最も高い事業1つをご選択ください。)
M18: ※「19.その他」の場合は以下に入力をお願いいたします。
B21: Q2.貴社の企業全体の常勤従業員(正社員)は何人ですか。(該当するものを1つご選択ください)
B25: Q3.貴社の定年は何歳に設定されていますか。(該当するものを1つご選択ください)
M29: ※「4.その他（ ）歳」「5.選択定年制度（ ）歳」の場合は以下に入力をお願いいたします。
M30: 歳
B32: Q4.貴社の役職定年は何歳に設定されていますか。(該当するものを1つご選択ください)
B33: ※役職定年となる年齢が複数ある場合は、一番低い年齢に該当する番号をご選択ください。
B37: ■次に、貴社の退職給付制度の概要についてお伺いします。
B38: Q5.貴社の退職給付制度の導入状況について教えてください。(該当するものを1つご選択ください)
B41: ⇒退職給付制度がない場合（Q5で「4」を選択）はこちらで終了となります。
B43: Q6.貴社で採用している退職一時金制度について教えてください。(該当するものを全てご選択ください)
D45: 1.社内準備
D47: 2.中小企業退職金共済
D49: 3.特定退職金共済
D51: 4.その他 | G51: その他回答欄
B54: Q7.貴社で採用している退職一時金の計算方法について教えてください。(該当するものを全てご選択ください)
D56: 1.退職時の基本給×勤続年数別支給率
D58: 2.別テーブル方式
D60: 3.定額方式
D62: 4.ポイント方式
D64: 5.累積給与比例方式
D66: 6.その他 | G66: その他回答欄
B69: Q8.貴社で採用している企業年金制度について教えてください。(該当するものを全てご選択ください)
D71: 1.確定給付企業年金（規約型）
D73: 2.確定給付企業年金（基金型）
D75: 3.企業型確定拠出年金
D77: 4.厚生年金基金
D79: 5.その他 | G79: その他回答欄
B82: Q9.貴社での早期退職優遇制度の導入状況について教えてください。(該当するものを1つご選択ください)
B83: ※ここでの早期退職優遇制度とは、定年前に退職する社員に対し退職加算金等の優遇措置を恒常的に実施している制度をいいます。
B84: 期間を定めて時限的に退職者を募る希望退職制度は対象外としてください。
B88: Q10.早期退職優遇制度を廃止した時期を教えてください。(該当するものを1つご選択ください)
B92: Q11.貴社での早期退職優遇制度の応募条件を教えてください。(該当する選択肢を全て選択し、具体的な内容をご回答ください)
B94: 選択肢 | H94: 選択 | I94: 内容
B95: 1.年齢
B96: 2.勤続年数
B97: 3.役職・資格
B98: 4.職種・部門
B99: 5.その他
B100: 6.条件は設けていない（全社員対象）
B102: Q12.Q11における条件の適用方法について教えてください。
B103: (記入例) 「45～62歳の一般社員」または「45～63歳の管理職」など
B104: ※Q11でご選択いただいた内容を「全て該当する必要がある（ＡＮＤ条件）」、「いずれか1つでも該当すればよい（ＯＲ条件）」など
B105: がわかるようにご回答ください。
B106: ※詳しくは調査票記入の手引きP.3をご参考にご回答ください。
B111: Q13.貴社での早期退職優遇制度の募集において適用除外条件の設定はありますか。(該当するものを全てご選択ください)
B112: ※「2」の選択肢をご回答いただいた場合は具体的な期間をご記入ください。例)6ヶ月以内、30日以内など
D115: 1.自己都合退職が確定している場合
D117: 2.退職日の翌日から起算して( )以内に定年退職となる場合 | I117: 期間
D119: 3.退職日までに懲戒解雇事由が明らかになった場合
D121: 4.業務上の都合で、所属部署から除外要請があった場合
D123: 5.希望退職制度による退職が確定している場合
D125: 6.その他 | G125: その他回答欄
D127: 7.適用除外条件を設けていない
B130: Q14.貴社での早期退職優遇制度による退職者にはどの退職事由（自己都合・会社都合等）の支給率を適用していますか。
C131: (該当するものを1つご選択ください)
M134: ※「7.その他」の場合は以下に入力をお願いいたします。
B137: Q15.貴社での早期退職優遇制度適用者の退職における退職金への特別加算（優遇措置）の内容を教えてください。
C138: (該当する選択肢を全て選択し、具体的な内容をご回答ください)
B140: 選択肢 | H140: 選択 | I140: 内容
B141: 1.基本月給×月数で定める
B142: 2.退職金に対する割増率を定める
B143: 3.定額
B144: 4.その他
B145: 5.特別加算は行わない
B147: Q16.貴社の退職金は、2020年と比べどのように変化していますか。同じ条件（役職、勤続年数、退職事由等）
C148: の従業員が退職したと仮定し、金利・運用実績等による変動要素を除いた場合の退職金計算額について教えてください。
C149: (該当するものを1つご選択ください)
B150: ※ここでの退職金計算額とは、支給額ではなく退職金規程等に基づき算定される理論上の退職金額を指します。
B151: ※詳しくは調査票記入の手引きP.4をご参考にご回答ください。
B155: Q17.Q16の増減の要因について教えてください。(該当するものを全てご選択ください)
D158: 1.給与水準の変更（ベースアップ、昇給制度変更等）
D160: 2.等級・役職制度の変更
D162: 3.退職金算定式の変更
D164: 4.算定要素の変更（基本給から役職の変更など）
D166: 5.ポイント付与数またはポイント単価の変更
D168: 6.算定期間・ポイント付与期間の変更（延長・短縮）
D170: 7.支給率の変更
D172: 8.その他 | G172: その他回答欄
B175: Q18.Q16の増減の理由についてご存じの範囲で教えてください。
B176: (記入例) 人事制度（定年制度）の見直しを行い、定年年齢を延長（60→65歳）。退職金のポイント付与期間を60歳から65歳まで延長した
B177: ため、退職金が増加した。など
B178: ※詳しくは調査票記入の手引きP.5をご参考にご回答ください。
B183: 以上となります。ご協力ありがとうございました。 同封の依頼状をご参照の上 当Excelファイルと就業規則を併せて指定のメールアドレス宛てにご提出ください。 提出締切：2026年10月9日（金）

Sheet 選択肢
B2: 問1 | C2: 問2 | D2: 問3 | E2: 問4 | F2: 問5 | G2: 問9 | H2: 問10 | I2: 問13 | J2: 問14 | K2: 問16 | L2: 複数回答
B3: 1.「農業、林業」 | C3: 1. 100人未満 | D3: 1. 60歳 | E3: 1. 54歳以下 | F3: 1. 退職一時金制度のみ | G3: 1. 導入している | H3: 1. 2000年以前 | I3: 1. 自己都合退職が確定している場合 | J3: 1. 自己都合退職の支給率を適用 | K3: 1. 増加している | L3: ○
B4: 2.「漁業」 | C4: 2. 100人～299人 | D4: 2. 61～64歳 | E4: 2. 55歳 | F4: 2. 退職一時金制度と企業年金制度の併用 | G4: 2. 導入していたが現在は廃止 | H4: 2. 2001～2005年 | I4: 2. 退職日の翌日から起算して( )以内に定年退職となる場合 | J4: 2. 定年・会社都合退職の支給率を適用（支給率が同率） | K4: 2. 減少している
B5: 3.「鉱業、採石業、砂利採取業」 | C5: 3. 300人～999人 | D5: 3. 65歳 | E5: 3. 56歳 | F5: 3. 企業年金制度のみ | G5: 3. 導入したことがない | H5: 3. 2006～2010年 | I5: 3. 退職日までに懲戒解雇事由が明らかになった場合 | J5: 3. 定年退職の支給率を適用（会社都合の支給率と異なる） | K5: 3. 変わらない
B6: 4.「建設業」 | C6: 4. 1,000人以上 | D6: 4. その他( )歳 | E6: 4. 57歳 | F6: 4. 退職給付制度はない | H6: 4. 2011～2015年 | I6: 4. 業務上の都合で、所属部署から除外要請があった場合 | J6: 4. 会社都合退職の支給率を適用（定年の支給率と異なる）
B7: 5.「製造業」 | D7: 5. 選択定年制度( )歳 | E7: 5. 58歳 | H7: 5. 2016～2020年 | I7: 5. 希望退職制度による退職が確定している場合 | J7: 5. 早期退職優遇制度独自の支給率を適用
B8: 6.「電気・ガス・熱供給・水道業」 | D8: 6.定年制度はない | E8: 6. 59歳 | H8: 6. 2021～2025年 | I8: 6. その他( ) | J8: 6. もともと退職事由による格差がない
B9: 7.「情報通信業」 | E9: 7. 60歳 | H9: 7. 2026年 | I9: 7. 適用除外条件を設けていない | J9: 7. その他（）
B10: 8.「運輸業、郵便業」 | E10: 8. 61歳以上
B11: 9.「卸売業、小売業」 | E11: 9. 役職定年制度はない
B12: 10.「金融業、保険業」
B13: 11.「不動産業、物品賃貸業」
B14: 12.「学術研究、専門、技術サービス業」
B15: 13.「宿泊業、飲食サービス業」
B16: 14.「生活関連サービス業、娯楽業」
B17: 15.「教育、学習支援業」
B18: 16.「医療、福祉」
B19: 17.「複合サービス業」
B20: 18.「サービス業(他に分類されないもの)」
B21: 19.その他

Sheet 集計
A1: 企業名 | B1: 部署名 | C1: 担当者名 | D1: 電話番号 | E1: メールアドレス | F1: Q1 （事業内容） | G1: Q1 (その他) | H1: Q2 （従業員数） | I1: Q3 （定年年齢） | J1: Q3 (その他・選択定年制) | K1: Q4 （役職定年） | L1: Q5 （退職給付制度有無） | M1: Q6-1 （退職一時金） | N1: Q6-2 （退職一時金） | O1: Q6-3 （退職一時金） | P1: Q6-4 （退職一時金） | Q1: Q6-4 （その他） | R1: Q7-1 （退職一時金算出方法） | S1: Q7-2 （退職一時金算出方法） | T1: Q7-3 （退職一時金算出方法） | U1: Q7-4 （退職一時金算出方法） | V1: Q7-5 （退職一時金算出方法） | W1: Q7-6 （退職一時金算出方法） | X1: Q7-6 （その他） | Y1: Q8-1 （企業年金） | Z1: Q8-2 （企業年金） | AA1: Q8-3 （企業年金） | AB1: Q8-4 （企業年金） | AC1: Q8-5 （企業年金） | AD1: Q8-5 （その他） | AE1: Q9 （早期退職制度有無） | AF1: Q10 （廃止時期) | AG1: Q11-1 （応募条件） | AH1: Q11-1 （内容） | AI1: Q11-2 （応募条件） | AJ1: Q11-2 （内容） | AK1: Q11-3 （応募条件） | AL1: Q11-3 （内容） | AM1: Q11-4 （応募条件） | AN1: Q11-4 （内容） | AO1: Q11-5 （応募条件） | AP1: Q11-5 （内容） | AQ1: Q11-6 （応募条件） | AR1: Q12 （適用方法） | AS1: Q13-1 （適用除外条件） | AT1: Q13-2 （適用除外条件） | AU1: Q13-2 （内容） | AV1: Q13-3 （適用除外条件） | AW1: Q13-4 （適用除外条件） | AX1: Q13-5 （適用除外条件） | AY1: Q13-6 （適用除外条件） | AZ1: Q13-6 （内容） | BA1: Q13-7 （適用除外条件） | BB1: Q14 （支給率） | BC1: Q14 (その他) | BD1: Q15-1 （応募条件） | BE1: Q15-1 （内容） | BF1: Q15-2 （応募条件） | BG1: Q15-2 （内容） | BH1: Q15-3 （応募条件） | BI1: Q15-3 （内容） | BJ1: Q15-4 （応募条件） | BK1: Q15-4 （内容） | BL1: Q15-5 （応募条件） | BM1: Q16 （計算額） | BN1: Q17-1 （要因） | BO1: Q17-2 （要因） | BP1: Q17-3 （要因） | BQ1: Q17-4 （要因） | BR1: Q17-5 （要因） | BS1: Q17-6 （要因） | BT1: Q17-7 （要因） | BU1: Q17-8 （要因） | BV1: Q17-8 （要因） | BW1: Q18 (理由)
F2: SA | G2: FA | H2: SA | I2: SA | J2: FA | K2: SA | L2: SA | M2: MA | N2: MA | O2: MA | P2: MA | Q2: FA | R2: MA | S2: MA | T2: MA | U2: MA | V2: MA | W2: MA | X2: FA | Y2: MA | Z2: MA | AA2: MA | AB2: MA | AC2: MA | AD2: FA | AE2: SA | AF2: SA | AG2: MA | AH2: FA | AI2: MA | AJ2: FA | AK2: MA | AL2: FA | AM2: MA | AN2: FA | AO2: MA | AP2: FA | AQ2: MA | AR2: FA | AS2: MA | AT2: MA | AU2: FA | AV2: MA | AW2: MA | AX2: MA | AY2: MA | AZ2: FA | BA2: MA | BB2: SA | BC2: FA | BD2: MA | BE2: FA | BF2: MA | BG2: FA | BH2: MA | BI2: FA | BJ2: MA | BK2: FA | BL2: MA | BM2: SA | BN2: MA | BO2: MA | BP2: MA | BQ2: MA | BR2: MA | BS2: MA | BT2: MA | BU2: MA | BV2: FA | BW2: FA
A3: =IF('退職給付アンケート(WEB用）'!$F$5<>"",'退職給付アンケート(WEB用）'!$F$5,"") | B3: =IF('退職給付アンケート(WEB用）'!$F$8<>"",'退職給付アンケート(WEB用）'!$F$8,"") | C3: =IF('退職給付アンケート(WEB用）'!$F$7<>"",'退職給付アンケート(WEB用）'!$F$7,"") | D3: =IF('退職給付アンケート(WEB用）'!$F$9<>"",'退職給付アンケート(WEB用）'!$F$9,"") | E3: =IF('退職給付アンケート(WEB用）'!$F$10<>"",'退職給付アンケート(WEB用）'!$F$10,"") | F3: =IF('退職給付アンケート(WEB用）'!$I$16<>"",INT(LEFT('退職給付アンケート(WEB用）'!$I$16,FIND(".",'退職給付アンケート(WEB用）'!$I$16)-1)),"") | G3: =IF('退職給付アンケート(WEB用）'!I19<>"",'退職給付アンケート(WEB用）'!I19,"") | H3: =IF('退職給付アンケート(WEB用）'!$I$23<>"",INT(LEFT('退職給付アンケート(WEB用）'!$I$23,FIND(".",'退職給付アンケート(WEB用）'!$I$23)-1)),"") | I3: =IF('退職給付アンケート(WEB用）'!$I$27<>"",INT(LEFT('退職給付アンケート(WEB用）'!$I$27,FIND(".",'退職給付アンケート(WEB用）'!$I$27)-1)),"") | J3: =IF('退職給付アンケート(WEB用）'!L30<>"",'退職給付アンケート(WEB用）'!L30,"") | K3: =IF('退職給付アンケート(WEB用）'!$I$35<>"",INT(LEFT('退職給付アンケート(WEB用）'!$I$35,FIND(".",'退職給付アンケート(WEB用）'!$I$35)-1)),"") | L3: =IF('退職給付アンケート(WEB用）'!$I$40<>"",INT(LEFT('退職給付アンケート(WEB用）'!$I$40,FIND(".",'退職給付アンケート(WEB用）'!$I$40)-1)),"") | M3: =IF('退職給付アンケート(WEB用）'!C45="○",1,"") | N3: =IF('退職給付アンケート(WEB用）'!C47="○",1,"") | O3: =IF('退職給付アンケート(WEB用）'!C49="○",1,"") | P3: =IF('退職給付アンケート(WEB用）'!C51="○",1,"") | Q3: =IF('退職給付アンケート(WEB用）'!H51<>"",'退職給付アンケート(WEB用）'!H51,"") | R3: =IF('退職給付アンケート(WEB用）'!C56="○",1,"") | S3: =IF('退職給付アンケート(WEB用）'!C58="○",1,"") | T3: =IF('退職給付アンケート(WEB用）'!C60="○",1,"") | U3: =IF('退職給付アンケート(WEB用）'!C62="○",1,"") | V3: =IF('退職給付アンケート(WEB用）'!C64="○",1,"") | W3: =IF('退職給付アンケート(WEB用）'!C66="○",1,"") | X3: =IF('退職給付アンケート(WEB用）'!H66<>"",'退職給付アンケート(WEB用）'!H66,"") | Y3: =IF('退職給付アンケート(WEB用）'!C71="○",1,"") | Z3: =IF('退職給付アンケート(WEB用）'!C73="○",1,"") | AA3: =IF('退職給付アンケート(WEB用）'!C75="○",1,"") | AB3: =IF('退職給付アンケート(WEB用）'!C77="○",1,"") | AC3: =IF('退職給付アンケート(WEB用）'!C79="○",1,"") | AD3: =IF('退職給付アンケート(WEB用）'!H79<>"",'退職給付アンケート(WEB用）'!H79,"") | AE3: =IF('退職給付アンケート(WEB用）'!$I$86<>"",INT(LEFT('退職給付アンケート(WEB用）'!$I$86,FIND(".",'退職給付アンケート(WEB用）'!$I$86)-1)),"") | AF3: =IF('退職給付アンケート(WEB用）'!$I$90<>"",INT(LEFT('退職給付アンケート(WEB用）'!$I$90,FIND(".",'退職給付アンケート(WEB用）'!$I$90)-1)),"") | AG3: =IF('退職給付アンケート(WEB用）'!H95="○",1,"") | AH3: =IF('退職給付アンケート(WEB用）'!I95<>"",'退職給付アンケート(WEB用）'!I95,"") | AI3: =IF('退職給付アンケート(WEB用）'!H96="○",1,"") | AJ3: =IF('退職給付アンケート(WEB用）'!I96<>"",'退職給付アンケート(WEB用）'!I96,"") | AK3: =IF('退職給付アンケート(WEB用）'!H97="○",1,"") | AL3: =IF('退職給付アンケート(WEB用）'!I97<>"",'退職給付アンケート(WEB用）'!I97,"") | AM3: =IF('退職給付アンケート(WEB用）'!H98="○",1,"") | AN3: =IF('退職給付アンケート(WEB用）'!I98<>"",'退職給付アンケート(WEB用）'!I98,"") | AO3: =IF('退職給付アンケート(WEB用）'!H99="○",1,"") | AP3: =IF('退職給付アンケート(WEB用）'!I99<>"",'退職給付アンケート(WEB用）'!I99,"") | AQ3: =IF('退職給付アンケート(WEB用）'!H100="○",1,"") | AR3: =IF('退職給付アンケート(WEB用）'!C108<>"",'退職給付アンケート(WEB用）'!C108,"") | AS3: =IF('退職給付アンケート(WEB用）'!C115="○",1,"") | AT3: =IF('退職給付アンケート(WEB用）'!C117="○",1,"") | AU3: =IF('退職給付アンケート(WEB用）'!J117<>"",'退職給付アンケート(WEB用）'!J117,"") | AV3: =IF('退職給付アンケート(WEB用）'!C119="○",1,"") | AW3: =IF('退職給付アンケート(WEB用）'!C121="○",1,"") | AX3: =IF('退職給付アンケート(WEB用）'!C123="○",1,"") | AY3: =IF('退職給付アンケート(WEB用）'!C125="○",1,"") | AZ3: =IF('退職給付アンケート(WEB用）'!H125<>"",'退職給付アンケート(WEB用）'!H125,"") | BA3: =IF('退職給付アンケート(WEB用）'!C127="○",1,"") | BB3: =IF('退職給付アンケート(WEB用）'!$I$133<>"",INT(LEFT('退職給付アンケート(WEB用）'!$I$133,FIND(".",'退職給付アンケート(WEB用）'!$I$133)-1)),"") | BC3: =IF('退職給付アンケート(WEB用）'!I135<>"",'退職給付アンケート(WEB用）'!I135,"") | BD3: =IF('退職給付アンケート(WEB用）'!H141="○",1,"") | BE3: =IF('退職給付アンケート(WEB用）'!I141<>"",'退職給付アンケート(WEB用）'!I141,"") | BF3: =IF('退職給付アンケート(WEB用）'!H142="○",1,"") | BG3: =IF('退職給付アンケート(WEB用）'!I142<>"",'退職給付アンケート(WEB用）'!I142,"") | BH3: =IF('退職給付アンケート(WEB用）'!H143="○",1,"") | BI3: =IF('退職給付アンケート(WEB用）'!I143<>"",'退職給付アンケート(WEB用）'!I143,"") | BJ3: =IF('退職給付アンケート(WEB用）'!H144="○",1,"") | BK3: =IF('退職給付アンケート(WEB用）'!I144<>"",'退職給付アンケート(WEB用）'!I144,"") | BL3: =IF('退職給付アンケート(WEB用）'!H145="○",1,"") | BM3: =IF('退職給付アンケート(WEB用）'!$I$153<>"",INT(LEFT('退職給付アンケート(WEB用）'!$I$153,FIND(".",'退職給付アンケート(WEB用）'!$I$153)-1)),"") | BN3: =IF('退職給付アンケート(WEB用）'!C158="○",1,"") | BO3: =IF('退職給付アンケート(WEB用）'!C160="○",1,"") | BP3: =IF('退職給付アンケート(WEB用）'!C162="○",1,"") | BQ3: =IF('退職給付アンケート(WEB用）'!C164="○",1,"") | BR3: =IF('退職給付アンケート(WEB用）'!C166="○",1,"") | BS3: =IF('退職給付アンケート(WEB用）'!C168="○",1,"") | BT3: =IF('退職給付アンケート(WEB用）'!C170="○",1,"") | BU3: =IF('退職給付アンケート(WEB用）'!C172="○",1,"") | BV3: =IF('退職給付アンケート(WEB用）'!H172<>"",'退職給付アンケート(WEB用）'!H172,"") | BW3: =IF('退職給付アンケート(WEB用）'!C180<>"",'退職給付アンケート(WEB用）'!C180,"")
